 Dungeon Sprint DCSS version 0.24-a0-250-g6074511 (webtiles) character file.

Game seed: 15908730831662702981

9 MikeHunt the Conjurer (level 2, -14/15 HPs)
             Began as a Tengu Conjurer on Apr 14, 2019.
             Splashed by an oklob sapling's acid (15 damage)
             ... in the Dungeon (Sprint IV: "Fedhas' Mad Dash").
             The game lasted 00:00:39 (121 turns).

MikeHunt the Conjurer (Tengu Conjurer)               Turns: 121, Time: 00:00:40

Health: -14/15     AC:  2    Str:  8    XL:     2   Next: 16%
Magic:  3/8        EV: 12    Int: 15    God:
Gold:   0          SH:  0    Dex: 14    Spells: 6/9 levels left

rFire    . . .     SeeInvis .   (no weapon)
rCold    . . .     Gourm    .   (no shield)
rNeg     . . .     Faith    .   a - +0 robe
rPois    .         Spirit   .   (helmet restricted)
rElec    .         Reflect  .   (no cloak)
rCorr    .         Harm     .   (no gloves)
MR       .....     NoTele   +   (boots unavailable)
Stlth    ++........             (no amulet)
HPRegen  0.05/turn              (no ring)
MPRegen  0.11/turn              (no ring)

@: no status effects
A: beak, talons 3
a: no special abilities


You were in the Dungeon.
You were not hungry.

You visited 1 branch

Inventory:

Armour
 a - a +0 robe (worn)
Scrolls
 b - a scroll of enchant armour {unknown}
 i - a scroll of blinking
Potions
 d - a potion of curing
 e - a potion of heal wounds
 f - a potion of haste
 g - 2 potions of magic
Comestibles
 c - a ration


   Skills:
 - Level 2.1 Dodging
 - Level 2.0 Stealth
 + Level 4.2 Spellcasting
 + Level 5.3 Conjurations


You had 6 spell levels left.
You knew the following spells:

 Your Spells              Type           Power        Failure   Level  Hunger
a - Magic Dart            Conj           ###.         1%          1    None
r - Searing Ray           Conj           ###...       3%          2    ##.....

Your spell library contained the following spells:

 Spells                   Type           Power        Failure   Level  Hunger
 Dazzling Spray           Conj/Hex       ##....       17%         3    ###....
 Iskenderun's Mystic Bla  Conj           ###.....     19%         4    ####...
 Force Lance              Conj/Tloc      ##......     50%         4    ####...
 Fulminant Prism          Conj/Hex       ##........   50%         4    ####...


Dungeon Overview and Level Annotations

Branches:
Dungeon (1/1)

Altars:

Annotations:
D exclusion: oklob sapling


Innate Abilities, Weirdness & Mutations

You have a beak for a mouth.
You have claws for feet.


Message History

Confirm with . or Enter, or press ? or * to list all spells.
Aiming: Searing Ray (safe; 3% risk of failure)
Press: ? - help, Shift-Dir - straight line, f - oklob sapling
Aim: an oklob sapling The searing ray hits the oklob sapling but does no damage. (Press . to maintain the ray.)
The searing ray hits the oklob sapling.
The oklob sapling is heavily damaged.
The searing ray hits the oklob sapling.
The oklob sapling is heavily damaged.
The searing ray hits the oklob sapling.
The oklob sapling is almost destroyed.
You finish channeling your searing ray.
The oklob sapling spits acid at you. The splash of acid hits you!
Ouch! That really hurt!
* * * LOW HITPOINT WARNING * * *
You are splashed with acid!
Ouch! That really hurt!
You die...

##################
#<..P#.....#.$$$$#
#PP..†....@'.#
#PPPP#.....#P#
############ #


You could see an oklob sapling.

Vanquished Creatures
  A river rat (D)
  A rat (D)
2 creatures vanquished.

Notes
Turn   | Place    | Note
-------+----------+-------------------------------------------
     0 | D        | MikeHunt the Tengu Conjurer began the quest for the Orb.
     0 | D        | Reached XP level 1. HP: 10/10 MP: 4/4
    12 | D        | Reached XP level 2. HP: 13/15 MP: 0/8
    79 | D        | Learned a level 2 spell: Searing Ray
   117 | D        | Noticed an oklob sapling
   121 | D        | Splashed by an oklob sapling's acid

Levels and vault maps discovered:
D:        dungeon_sprint_fedhas [sprint_temple]

Skill      XL: |  1 |
---------------+----+-----
Spellcasting   | 4 |  4.2
Dodging        | |  2.1
Stealth        | |  2.0
Conjurations   | |  5.3

Action                   || total
-------------------------++-------
Melee: Unarmed           ||     5
       Peck              ||     1
 Cast: Magic Dart        ||     4
       Searing Ray       ||     1
  Use: Potion            ||     1

Table legend:
 A = Non-vault XP
 B = Vault XP
 C = Vault XP percentage of total XP
 D = Non-vault monster count
 E = Vault monster count
 F = Vault count percentage of total count
                 A         B        C        D         E       F
            +---------+---------+-------+---------+---------+-------
      Total |       0 |      14 | 100.0 |       0 |       2 | 100.0
            +---------+---------+-------+---------+---------+-------
          D |       0 |      14 | 100.0 |       0 |       2 | 100.0
            +---------+---------+-------+---------+---------+-------
